 Dungeon Crawl Stone Soup version 0.30-a0-165-g1891117ce2 (webtiles) character file.

Game seed: 3942005467079400639

88 Weirdisaac the Ruffian (level 4, -3/39 HPs)
             Began as a Troll Berserker on Sept 28, 2022.
             Was a Believer of Trog.
             Killed by nerve-wracking pain
             ... invoked by Grinder
              (6 damage)
             ... on level 3 of the Dungeon.
             The game lasted 00:04:25 (1259 turns).

Weirdisaac the Ruffian (Troll Berserker)            Turns: 1259, Time: 00:04:26

Health: -3/39      AC: 12    Str: 25      XL:     4   Next: 29%
Magic:  3/3        EV:  6    Int:  0      God:    Trog [**....]
Gold:   71         SH:  0    Dex:  8 (9)  Spells: 3/3 levels left

rFire   . . .      SeeInvis .      - Unarmed
rCold   + . .      Faith    .    (no shield)
rNeg    + . .      Spirit   .    b - +0 storm dragon scales of Owujahet {rElec rPois rN+ Int-5 Stlth+}
rPois   +          Reflect  .    (helmet restricted)
rElec   +          Harm     .    (no cloak)
rCorr   .          Rampage  .    (gloves unavailable)
Will    .....                    (boots unavailable)
Stlth   ..........               (no amulet)
HPRegen 0.93/turn                (no ring)
MPRegen 0.08/turn                (no ring)

@: slowed, lost intelligence, unable to read, very slow
A: large, unfitting armour, claws 3, regeneration 1, shaggy fur 1, tough skin 1,
cold resistance 1, frail 1
a: Renounce Religion, Berserk, Trog's Hand


You were on level 3 of the Dungeon.
You worshipped Trog.
Trog was pleased with you.
You visited 1 branch of the dungeon, and saw 3 of its levels.

You collected 71 gold pieces.

Inventory:

Armour
 b - the +0 storm dragon scales of Owujahet (worn) {rElec rPois rN+ Int-5 Stlth+}
   (You acquired it on level 1 of the Dungeon)

   Int:       It affects your intelligence (-5).
   rElec:     It insulates you from electricity.
   rPois:     It protects you from poison.
   rN:        It protects you from negative energy.
   Stlth:     It makes you more stealthy.
Wands
 i - a wand of flame (17)
Scrolls
 a - 4 scrolls of identify {unknown}
 c - 2 scrolls of teleportation {unknown}
 d - a scroll of brand weapon {unknown}
 e - a scroll of fear {unknown}
 f - a scroll of summoning {unknown}
 g - 2 scrolls of noise {unknown}
 h - a scroll of magic mapping {unknown}


   Skills:
 * Level 2.9 Fighting
 * Level 1.1 Armour
 * Level 3.0 Dodging
 * Level 3.9 Unarmed Combat


You had 3 spell levels left.
You didn't know any spells.
Your spell library was empty.

Dungeon Overview and Level Annotations

Branches:
Dungeon (3/15)

Altars:

Annotations:
D:3 Grinder


Innate Abilities, Weirdness & Mutations

You are too large for most types of armour.
You have claws for hands.
Your natural rate of healing is unusually fast.
You are covered in fur. (AC +1)
You have tough skin. (AC +1)
Your flesh is cold resistant. (rC+)
You are frail. (-10% HP)


Message History

The quokka bites you but does no damage.
The adder bites you but does no damage. Grinder hits you.
* * * LOW HITPOINT WARNING * * *
You writhe in agony.
* * * LOW HITPOINT WARNING * * *
The quokka bites you.
* * * LOW HITPOINT WARNING * * *
The adder bites you but does no damage.
The quokka bites you but does no damage.
Grinder hits you but does no damage. The adder bites you but does no damage.
The quokka bites you.
* * * LOW HITPOINT WARNING * * *
The adder bites you but does no damage. Grinder gestures at you.
You resist with significant effort.
The quokka bites you but does no damage.
The adder bites you.
* * * LOW HITPOINT WARNING * * *
Grinder gestures at you.
You shrug off the repeated paralysis!
You can move again.
You scratch Grinder but do no damage.
Grinder is heavily wounded.
The adder bites you but does no damage. The quokka bites you.
* * * LOW HITPOINT WARNING * * *
Grinder hits you but does no damage. The adder bites you but does no damage.
The quokka bites you but does no damage.
You claw Grinder!
Grinder is severely wounded.
The adder barely misses you. Grinder hits you.
* * * LOW HITPOINT WARNING * * *
You writhe in agony.
* * * LOW HITPOINT WARNING * * *
The quokka bites you.
* * * LOW HITPOINT WARNING * * *
The adder bites you.
* * * LOW HITPOINT WARNING * * *
Grinder gestures at you. Pain shoots through your body!
You die...

#.........>....
.#.....$........
..)............
..............
####...[....... #
............##..
...###...S5.......
.........r@...#
...##.<......#
#............#
...###....$....# .
#......)....
#..........!..
.....$.###..###
...##### ... ###


You could see Grinder, an adder and a quokka.

Vanquished Creatures
  4 adders (D:2)
  2 dart slugs (D:1)
  3 bats
  2 endoplasms
  3 giant cockroaches (D:1)
  7 goblins
  A hobgoblin (D:1)
  8 kobolds
  2 quokkas (D:2)
  7 ball pythons
  2 frilled lizards (D:1)
  7 rats
48 creatures vanquished.

Notes
Turn   | Place    | Note
-------+----------+-------------------------------------------
     0 | D:1      | Weirdisaac the Troll Berserker began the quest for the Orb.
     0 | D:1      | Reached XP level 1. HP: 22/22 MP: 0/0
    76 | D:1      | Identified a scroll of acquirement
    76 | D:1      | Acquired the +0 storm dragon scales of Owujahet {rElec
                  | rPois rN+ Int-5 Stlth+}
    88 | D:1      | Lost intelligence.
   132 | D:1      | Reached XP level 2. HP: 26/29 MP: 1/1
   542 | D:1      | Reached XP level 3. HP: 36/36 MP: 2/2
   545 | D:1      | Reached ** piety under Trog
   801 | D:2      | Gained mutation: You are frail. (-10% HP) [potion of
                  | mutation]
   801 | D:2      | Gained mutation: Your flesh is cold resistant. (rC+)
                  | [potion of mutation]
   807 | D:2      | Found a faded altar of an unknown god.
   909 | D:2      | Reached XP level 4. HP: 39/39 MP: 3/3
   985 | D:2      | Reached skill level 1 in Armour
  1242 | D:3      | Noticed Grinder
  1253 | D:3      | Paralysed by Grinder for 5 turns
  1259 | D:3      | Killed from afar by Grinder

Illustrated notes

Levels and vault maps discovered:
D:1:      dpeg_arrival_rooms_with_view, layout_basic, minmay_tromino_v4_c
D:2:      layout_basic, hellmonk_ecumenical_altar_zigzags
D:3:      layout_rooms, nicolae_sif_muna_little_library,
          mainiacjoe_overflow_alcove_2, uniq_grinder

Skill      XL: |  1  2  3  4 |
---------------+-------------+-----
Dodging        | 3 |  3.0
Armour         | 1 |  1.1
Fighting       | |  2.9
Unarmed Combat | |  3.9

Action                   |  1- 3 |  4- 6 || total
-------------------------+-------+-------++-------
Melee: Unarmed           |    94 |    22 ||   116
       Punch             |     2 |       ||     2
  Use: Potion            |     7 |       ||     7
       Scroll            |     1 |       ||     1
Armor: Storm dragon scal |    95 |    42 ||   137
       Animal skin       |     4 |       ||     4
Dodge: Dodged            |    54 |    13 ||    67

Table legend: (Time is in decaauts)
 A = Elapsed time spent in this place.
 B = Non-inter-level travel time spent in this place.
 C = Inter-level travel time spent in this place.
 D = Time resting spent in this place.
 E = Time spent auto-exploring this place.
 F = Levels seen in this place.
 G = Mean time per level.
                   A        B        C        D        E       F      G
               +--------+--------+--------+--------+--------+-----+--------+
         Total |   1811 |   1745 |     66 |      0 |   1082 |   3 |  603.7 |
       Dungeon |   1811 |   1745 |     66 |      0 |   1082 |   3 |  603.7 |
               +--------+--------+--------+--------+--------+-----+--------+

Top non-repeatable levels by time:
     D:1: 913 daAuts
     D:2: 874 daAuts
     D:3: 23 daAuts
